Match 42037870
Unlisted

Match 42037870
End
Vickers Machine Gun Team
Selects Indian Artillery Battlegroup
Selects Indian Artillery Battlegroup
Construct Section Command Post
Dingo Light Scout Car
Infantry Section
Infantry Section
Infantry Section
Construct Platoon Command Post
6-pounder Anti-tank Gun Team
Selects War Cry
Selects Gurkha Rifles Section
Construct Field Infirmary
Infantry Training
STALKER4732
SoyaLors
kit.ohume
Devochkin
KomandoFoka
Sir Bagge
十三将士归玉门
Mecska
0
0

Comments sign in to comment!

No comments posted yet!